AoeStats
← Count Dracula

Arabian Desert

509694878Analyzed
1v1 RM · 4d ago on Sep 27, 2026· 36m 16s· 2 players
Game mode
Random Map
Map size
Tiny (2 player)
Population
200
Speed
Normal
Resources
Standard
Victory
Conquest
Starting age
Dark Age
Ending age
Imperial Age
RankedLock teamsTeams togetherTeam positionsShared explorationLock speedFull tech treeHidden civsTurbo modeCheats
Victory
Defeat
🇮🇪 Ethiopians · Ireland
770
+32
🇹🇷 Malians · Türkiye
791
-17
Count Dracula
1:31 Loom
9:23 Feudal Age
16:43 Wheelbarrow
19:59 Fletching
20:10 Padded Archer Armor
21:54 Horse Collar
22:02 Double-Bit Axe
27:34 Castle Age
33:20 Imperial Age
COŞKUN
7:50 Loom
10:10 Feudal Age
10:15 Man-at-Arms
10:44 Double-Bit Axe
12:30 Wheelbarrow
19:59 Fletching
20:32 Padded Archer Armor
26:38 Castle Age
28:09 Bodkin Arrow
32:55 Bloodlines
34:05 Gold Mining
34:06 Stone Mining
34:22 Husbandry
36:30 Hand Cart
Connection lost

Rejoining the realm…

Still unreachable

The connection could not be restored.

Session expired

The server has moved on; the page needs a fresh start.